 Dungeon Sprint DCSS version 0.17-a0-2073-gde5cdba (webtiles) character file.

634 Kidiri the Ducker (level 7, -3/94 HPs)
             Began as a Red Draconian Conjurer on Oct 14, 2015.
             Was a High Priest of Vehumet.
             Slain by an orc knight
             ... wielding a +0 war axe
              (16 damage)
             ... in the Dungeon (Sprint VII: "The Pits") on Oct 15, 2015.
             The game lasted 00:09:29 (1181 turns).

Kidiri the Ducker (Red Draconian Conjurer)          Turns: 1181, Time: 00:09:29

Health: -3/94      AC:  6    Str: 15    XL:     7   Next: 25%
Magic:  2/18       EV: 16    Int: 17    God:    Vehumet [*****.]
Gold:   0          SH:  0    Dex: 12    Spells: 6 memorised, 2 levels left

rFire  + . .     SeeInvis .     p - staff of energy
rCold  . . .     Clarity  .     (armour unavailable)
rNeg   . . .     SustAt   .     (no shield)
rPois  .         Gourm    .     (helmet restricted)
rElec  .         Spirit   .     (no cloak)
rCorr  .         Warding  .     (no gloves)
rMut   .         NoTele   +     (no boots)
MR     .....                    (no amulet)
Stlth  ..........               (no ring)
                                (no ring)

@: berserking, very slightly contaminated, very quick, not resistant to hostile
enchantments, extremely unstealthy
A: breathe fire, unfitting armour, fire resistance 1, cold-blooded, AC +6
a: Breathe Fire, Renounce Religion


You were in the Dungeon.
You worshipped Vehumet.
Vehumet was extremely pleased with you.
You were not hungry.

You visited 1 branch

Inventory:

Magical Staves
 p - an uncursed staff of energy (weapon)
Scrolls
 h - a scroll of blinking
 l - 3 scrolls of remove curse
 m - 5 scrolls of amnesia
 n - a scroll of summoning
Potions
 c - 5 potions of curing
 d - 3 potions of heal wounds
 e - a potion of haste
 f - 2 potions of magic
 g - a potion of berserk rage
 k - 2 potions of invisibility
Books
 a - a book of Conjurations

   Spells                             Type                      Level
   a - Magic Dart                     Conjuration                  1
   b - Searing Ray                    Conjuration                  2
   c - Dazzling Spray                 Conjuration/Hexes            3
   d - Fulminant Prism                Conjuration/Hexes            4
   e - Iskenderun's Mystic Blast      Conjuration                  4
   f - Iskenderun's Battlesphere      Conjuration/Charms           5
Comestibles
 b - 7 bread rations
 i - 40 fruits
 j - 7 meat rations
 o - a chunk of flesh


   Skills:
 + Level 6.0 Fighting
 + Level 5.6 Staves
 * Level 7.8 Dodging
 - Level 1.7 Stealth
 * Level 7.6 Spellcasting
 + Level 7.2 Conjurations
 + Level 3.1 Hexes
 + Level 0.3 Charms


You had 2 spell levels left.
You knew the following spells:

 Your Spells              Type           Power        Failure   Level  Hunger
a - Magic Dart            Conj           ####         1%          1    None
b - Searing Ray           Conj           ####..       1%          2    None
c - Dazzling Spray        Conj/Hex       ###.....     1%          3    None
d - Iskenderun's Mystic   Conj           ####....     2%          4    None
e - Fulminant Prism       Conj/Hex       ###.......   4%          4    None
f - Iskenderun's Battles  Conj/Chrm      ###.....     26%         5    None


Dungeon Overview and Level Annotations

Branches:
Dungeon (1/1)

Altars:
Ashenzari
Cheibriados
Dithmenos
Elyvilon
Fedhas
Gozag
Kikubaaqudgha
Makhleb
Nemelex Xobeh
Okawaru
Qazlal
Ru
Sif Muna
Trog
Vehumet
Xom
Yredelemnul
Zin
The Shining One
Beogh
Jiyva
Lugonu


Innate Abilities, Weirdness & Mutations

You can breathe blasts of fire.
Your fiery red scales are hard (AC +6).
Your body does not fit into most forms of armour.
Your flesh is heat resistant.
You are cold-blooded and may be slowed by cold attacks.


Message History

Press: ? - help, Shift-Dir - straight line, f/p - orc knight
Aim: an orc knight, wielding a war axe and wearing a plate armour (lightly wounded)
The spray of energy misses the orc knight.
The orc knight hits you with a war axe!!
* * * LOW HITPOINT WARNING * * *
Casting: Dazzling Spray
Confirm with . or Enter, or press ? or * to list all spells.
Aiming: Dazzling Spray
Press: ? - help, Shift-Dir - straight line, f/p - orc knight
Aim: an orc knight, wielding a war axe and wearing a plate armour (lightly wounded)
The spray of energy hits the orc knight.
The orc knight is moderately wounded.
The orc knight hits you with a war axe!
* * * LOW HITPOINT WARNING * * *
Unknown command.
Drink which item? (? for menu, Esc to quit)
A red film seems to cover your vision as you go berserk!
You feel yourself moving faster!
You feel mighty! The orc knight hits you with a war axe!
You die...

#(#........##.......#
#รท###########.......#
#).)....# #########
#.)###..# #..)....#
##)###.##+#
#.......#.+
#..###..#'#
#......)o@#
###########


You could see an orc knight.

Vanquished Creatures
  Grinder (D)
  A sky beast (D)
  A centaur (D)
  An orc priest (D)
  2 orc wizards (D)
  An adder (D)
  A giant eyeball (D)
  2 oozes (D)
  5 orcs (D)
  A bat (D)
  A ball python (D)
  A giant cockroach (D)
  2 jackals (D)
20 creatures vanquished.

Vanquished Creatures (others)
  A hungry ghost (D)
  An orc wizard (D)
  2 fulminant prisms (D)
4 creatures vanquished.

Grand Total: 24 creatures vanquished

Notes
Turn   | Place    | Note
--------------------------------------------------------------
     0 | D        | Kidiri the Draconian Conjurer began the quest for the Orb.
     0 | D        | Reached XP level 1. HP: 14/14 MP: 3/3
    50 | D        | Found a sacrificial altar of Ru.
    50 | D        | Found a basalt altar of Yredelemnul.
    50 | D        | Found a shadowy altar of Dithmenos.
    50 | D        | Found a deep blue altar of Sif Muna.
    50 | D        | Found a burning altar of Makhleb.
    50 | D        | Found a shimmering altar of Xom.
    50 | D        | Found an ancient bone altar of Kikubaaqudgha.
    50 | D        | Found a sparkling altar of Nemelex Xobeh.
    51 | D        | Found a glowing golden altar of the Shining One.
    51 | D        | Found a bloodstained altar of Trog.
    51 | D        | Found a shattered altar of Ashenzari.
    51 | D        | Found a white marble altar of Elyvilon.
    51 | D        | Found a snail-covered altar of Cheibriados.
    51 | D        | Found a blossoming altar of Fedhas.
    51 | D        | Found a radiant altar of Vehumet.
    51 | D        | Found a glowing silver altar of Zin.
    51 | D        | Found a corrupted altar of Lugonu.
    51 | D        | Found a viscous altar of Jiyva.
    51 | D        | Found a roughly hewn altar of Beogh.
    51 | D        | Found an iron altar of Okawaru.
    57 | D        | Found a stormy altar of Qazlal.
    57 | D        | Found an opulent altar of Gozag.
    59 | D        | Became a worshipper of Vehumet
   108 | D        | Paralysed by a giant eyeball for 2 turns
   115 | D        | Paralysed by a giant eyeball for 3 turns
   124 | D        | Reached skill level 1 in Staves
   129 | D        | Reached XP level 2. HP: 17/22 MP: 0/5
   211 | D        | Learned a level 2 spell: Searing Ray
   215 | D        | Reached * piety under Vehumet
   215 | D        | Offered knowledge of Shock by Vehumet.
   215 | D        | Reached skill level 1 in Fighting
   265 | D        | Reached ** piety under Vehumet
   266 | D        | Noticed Grinder
   270 | D        | Paralysed by Grinder for 3 turns
   310 | D        | Killed Grinder
   310 | D        | Reached skill level 6 in Dodging
   310 | D        | Reached skill level 5 in Spellcasting
   310 | D        | Reached XP level 3. HP: 6/34 MP: 1/10
   310 | D        | Reached XP level 4. HP: 7/41 MP: 1/11
   310 | D        | Reached XP level 5. HP: 8/47 MP: 1/13
   651 | D        | Learned a level 3 spell: Dazzling Spray
   656 | D        | Learned a level 4 spell: Iskenderun's Mystic Blast
   661 | D        | Learned a level 4 spell: Fulminant Prism
   661 | D        | Noticed a centaur
   665 | D        | Noticed a hungry ghost
   665 | D        | Noticed a sky beast
   667 | D        | Noticed an orc wizard
   670 | D        | Killed an orc wizard
   670 | D        | Offered knowledge of Freeze by Vehumet.
   670 | D        | Reached *** piety under Vehumet
   670 | D        | Killed a centaur
   670 | D        | Reached skill level 5 in Fighting
   670 | D        | Reached skill level 1 in Hexes
   670 | D        | Reached XP level 6. HP: 22/56 MP: 5/15
   670 | D        | Reached **** piety under Vehumet
   673 | D        | Killed a sky beast
   673 | D        | Reached skill level 5 in Staves
   673 | D        | Reached skill level 7 in Dodging
   673 | D        | Noticed an orc wizard
   676 | D        | Noticed an orc wizard
   685 | D        | Killed a hungry ghost
   685 | D        | Your scales start taking on a fiery red colour.
   685 | D        | Gained mutation: Your flesh is heat resistant. [Red Draconian growth]
   685 | D        | Reached XP level 7. HP: 26/62 MP: 1/17
   694 | D        | Killed an orc wizard
   702 | D        | Killed an orc wizard
   810 | D        | Learned a level 5 spell: Iskenderun's Battlesphere
   941 | D        | Noticed an orc priest
   950 | D        | Killed an orc priest
   950 | D        | Offered knowledge of Ignite Poison by Vehumet.
   950 | D        | Reached ***** piety under Vehumet
  1165 | D        | Noticed an orc knight
  1176 | D        | HP: 1/63 [orc knight/war axe (21)]
  1181 | D        | Slain by an orc knight

Vault maps used:
D:        pitsprint

Action                   |  1- 3 |  4- 6 |  7- 9 || total
-------------------------+-------+-------+-------++-------
Melee: Staff             |    12 |     7 |    11 ||    30
 Cast: Magic Dart        |    15 |     5 |     3 ||    23
       Searing Ray       |     3 |       |     3 ||     6
       Fulminant Prism   |       |     2 |       ||     2
       Dazzling Spray    |       |     1 |     4 ||     5
Evoke: Staff of energy   |     1 |       |       ||     1
  Use: Potion            |     5 |       |     3 ||     8
 Stab: Invisible         |       |       |     1 ||     1
  Eat: Bread ration      |       |     1 |       ||     1
       Chunk             |       |       |     1 ||     1
